Cogmind - Beta 13 @@@ ROGUE MODE // 2024.04.07 @ 21:40:51 Player: SovietPaperclip Result: Destroyed by B-99 Colossus with Linear Accelerator Performance ------------- Evolutions (9) 4500 Regions Visited (29) 5800 Robots Destroyed (157) 785 Value Destroyed (3755) 3755 Prototype IDs (53) 1060 Alien Tech Used (2) 400 Bonus (9415) 9415 TOTAL SCORE: 25715 Bonus ------- High Alert Combat Kills 438 Follower Combat Kills 420 Met Zhirov 300 Met Warlord at Base 500 MAIN.C Attacked Warlord 500 Hacked Protovariant 500 Met Warlord at Research 2000 Acquired SGEMP 2000 Delivered SGEMP 2000 Met Warlord at Command 2000 Friendly Fire -1243 Cogmind --------- Core Integrity 0/1600 Matter 300/300 Energy 99/100 System Corruption 8% Temperature Cool (0) Movement Core (50) Location -1/Command Parts ------- > --- POWER (2) -------- (None) > --- PROPULSION (8) --- (None) > --- UTILITY (13) ----- Advanced Signal Interpreter Makeshift Hacking Suite > --- WEAPON (2) ------- (None) > --- INVENTORY (5) ---- Advanced Heat Sink ECM Suite Enhanced Nova Cannon Peak State ------------ > --- POWER ------------ Fusion Reactor Light Quantum Reactor > --- PROPULSION ------- Improved Diametric Drive Improved Diametric Drive Improved Diametric Drive Improved Diametric Drive Improved Diametric Drive Improved Diametric Drive Improved Diametric Drive Improved Diametric Drive > --- UTILITY ---------- Advanced Cooling System Experimental Sensor Array Advanced Signal Interpreter Advanced Phase Shifter Experimental Power Shielding Improved Utility Shielding Layered Light Armor Plating Experimental Shield Generator Makeshift Hacking Suite Advanced Hacking Suite Improved System Shield > --- WEAPON ----------- Molecular Scythe > --- INVENTORY -------- Light Antimatter Reactor Structural Scanner Z-bomb Delivery System SGEMP Prototype [Rating: 166] Favorites ----------- Power Light Fission Core Engine Light Ion Engine Power Core Light Fission Core Reactor Fusion Reactor Propulsion Cooled VTOL Module Treads Light Treads Hover Unit Aerolev Unit Flight Unit Cooled VTOL Module Utility Hacking Suite Device Improved Sensor Array Storage Large Storage Unit Processor Advanced Signal Interpreter Hackware Hacking Suite Protection Hardened Light Armor Plating Weapon Impact Mace Energy Gun Medium Laser Energy Cannon Advanced Beam Cannon Ballistic Gun Improved Assault Rifle Ballistic Cannon Flak Cannon Launcher Rocket Array Impact Weapon Impact Mace Slashing Weapon Molecular Scythe Piercing Weapon Vortex Lance Build | -11 -10 -10 -9 -9 -8 -8 -7 -7 -7 -7 -7 -7 -6 -6 -5 -5 -5 -5 -4 -4 -4 -4 -4 -3 -3 -2 -2 -1 -1 ------- Run | Yrd Mat Min Mat Min Mat Sto Fac Was Fac Low Low Zio Pro Fac Fac Upp Upp War Pro Fac Upp Upp Zhi Pro Res Res Tes Acc Com Slots Evolved 18 | . . . 2 . 2 . 2 . . . . . . 2 2 . . . . 2 . . . . 2 2 . 2 . Power 1 | . . . . . . . . . . . . . . . . . . . . 1 . . . . . . . . . Propulsion 6 | . . . 1 . 1 . 1 . . . . . . . 2 . . . . . . . . . 1 . . . . Utility 11 | . . . 1 . 1 . 1 . . . . . . 2 . . . . . 1 . . . . 1 2 . 2 . Weapon . | . . . . . . . . . . . . . . . . . . . . . . . . . . . . . . Parts Attached 358 | 6 1 . 12 6 16 16 19 4 113 3 . 6 . 21 6 1 2 1 . 16 . 6 8 2 4 12 35 16 26 Power 29 | 1 . . 1 . 2 2 2 . 5 . . 2 . 1 . . . . . 1 . 1 2 . . 1 2 3 3 Engine 7 | 1 . . 1 . 2 1 1 . 1 . . . . . . . . . . . . . . . . . . . . Core 13 | . . . . . . 1 1 . 4 . . 2 . 1 . . . . . 1 . 1 1 . . . . 1 . Reactor 9 | . . . . . . . . . . . . . . . . . . . . . . . 1 . . 1 2 2 3 Propulsion 65 | 2 . . 1 . 3 3 10 . 20 . . . . 2 3 . . . . 1 . 2 1 . . 5 4 5 3 Treads 4 | 2 . . 1 . 1 . . . . . . . . . . . . . . . . . . . . . . . . Leg . | . . . . . . . . . . . . . . . . . . . . . . . . . . . . . . Wheel . | . . . . . . . . . . . . . . . . . . . . . . . . . . . . . . Hover 10 | . . . . . 2 3 5 . . . . . . . . . . . . . . . . . . . . . . Flight 51 | . . . . . . . 5 . 20 . . . . 2 3 . . . . 1 . 2 1 . . 5 4 5 3 Utility 182 | 1 1 . 3 . 3 2 6 1 74 1 . 4 . 17 3 1 2 . . 6 . 2 3 1 4 5 23 6 13 Device 102 | . . . . . . 2 . . 47 1 . 2 . 10 3 . 2 . . 4 . 1 1 . 2 1 14 4 8 Storage 32 | 1 1 . . . . . 3 . 18 . . 2 . 3 . . . . . . . . . . . 2 1 . 1 Processor 8 | . . . . . 2 . . . 2 . . . . 1 . . . . . . . . 1 . . . . 1 1 Hackware 14 | . . . . . . . 1 . 2 . . . . 1 . 1 . . . 2 . . . . 1 2 2 1 1 Protection 26 | . . . 3 . 1 . 2 1 5 . . . . 2 . . . . . . . 1 1 1 1 . 6 . 2 Artifact . | . . . . . . . . . . . . . . . . . . . . . . . . . . . . . . Weapon 82 | 2 . . 7 6 8 9 1 3 14 2 . . . 1 . . . 1 . 8 . 1 2 1 . 1 6 2 7 Energy Gun 2 | 2 . . . . . . . . . . . . . . . . . . . . . . . . . . . . . Energy Cannon 3 | . . . 1 1 1 . . . . . . . . . . . . . . . . . . . . . . . . Ballistic Gun 7 | . . . 3 2 1 . . . . . . . . . . . . . . 1 . . . . . . . . . Ballistic Cannon 9 | . . . . . 3 4 . . . . . . . . . . . . . . . . . . . . 2 . . Launcher 35 | . . . 3 3 3 1 . 2 7 1 . . . . . . . . . 1 . 1 1 . . 1 3 2 6 Special Weapon . | . . . . . . . . . . . . . . . . . . . . . . . . . . . . . . Impact Weapon 22 | . . . . . . 4 1 1 7 1 . . . 1 . . . . . 6 . . 1 . . . . . . Slashing Weapon 3 | . . . . . . . . . . . . . . . . . . . . . . . . 1 . . 1 . 1 Piercing Weapon 1 | . . . . . . . . . . . . . . . . . . 1 . . . . . . . . . . . Special Melee Weapon . | . . . . . . . . . . . . . . . . . . . . . . . . . . . . . . Unidentified Prototypes 31 | . . . 1 . 2 . 2 . 5 . . 1 . 1 . . . 1 . . . . 5 . . 2 8 . 3 Parts Lost 83 | . . . 1 . 4 3 . . 11 1 . . . 3 . . . . . 3 . 3 . 3 . 2 6 15 28 Power 14 | . . . 1 . 2 1 . . 1 . . . . 1 . . . . . . . 1 . 1 . . . 2 4 Propulsion 29 | . . . . . 1 1 . . 8 1 . . . 1 . . . . . 1 . 1 . 2 . . 1 2 10 Utility 35 | . . . . . 1 . . . 2 . . . . 1 . . . . . 2 . 1 . . . 2 4 11 11 Weapon 5 | . . . . . . 1 . . . . . . . . . . . . . . . . . . . . 1 . 3 Highest Loss Streak 20 | . . . 1 . 2 3 . . 3 1 . . . 3 . . . . . 3 . 1 . 3 . 1 4 12 20 To Critical Strikes 1 | . . . . . . . . . . . . . . . . . . . . . . . . . . . . . 1 Average Slot Usage (%) 86 | . 85 85 81 100 88 81 87 92 86 89 84 84 84 91 90 88 88 90 88 84 78 79 80 99 79 84 93 81 78 Engine 2 | . 14 14 10 11 7 . 3 . . . . . . . . . . . . . . . . . . . . . . Core 4 | . . . . . . 7 3 7 6 7 7 7 7 6 5 5 5 5 5 10 10 10 10 10 4 4 2 . 1 Treads 5 | . 28 28 29 33 27 . . . . . . . . . . . . . . . . . . . . . . . . Hover 3 | . . . . . 1 28 32 . . . . . . . . . . . . . . . . . . . . . . Flight 23 | . . . . . . . 1 38 33 35 30 30 30 31 37 35 35 35 35 31 31 36 36 36 23 25 33 30 28 Device 8 | . . . . . . 16 15 10 9 7 7 7 7 12 11 11 11 11 11 9 5 2 5 5 4 4 12 13 15 Storage 6 | . 14 14 11 11 9 9 7 7 7 7 7 7 7 6 5 5 5 5 5 5 5 5 5 . . 1 3 . 1 Processor 5 | . . . . . 7 9 7 7 6 7 7 7 7 6 5 5 5 5 5 5 5 5 5 10 9 8 5 4 9 Hackware 11 | . . . . . . . 3 7 12 15 15 15 15 20 17 17 17 17 17 21 21 18 15 15 17 25 17 13 10 Protection 3 | . . . 8 22 18 1 2 4 . . . . . . . . . . . . . . 2 9 8 4 7 7 2 Launcher 1 | . . . 3 10 . . . . . 4 . . . . . . . . . . . . . 5 4 3 . . . Impact Weapon 3 | . . . . . . 3 7 7 6 2 7 7 7 5 5 5 5 5 5 . . . . 1 . . . . . Naked Turns . | . . . . . . . . . . . . . . . . . . . . . . . . . . . . . . Heaviest Build 56 | 11 26 26 42 42 49 42 41 27 31 25 20 20 20 33 32 32 32 32 32 43 35 35 36 30 23 50 56 49 51 Greatest Support 85 | 40 40 40 63 63 85 36 46 27 30 29 20 29 20 34 37 37 37 37 47 47 41 42 32 40 23 50 56 58 58 Greatest Overweight (x) 3 | . . . . . . 1 1 . 3 . . . . 1 . . . . . 1 . 1 1 . . 1 . . . Average Overweight (x) . | . . . . . . . . . . . . . . . . . . . . . . . . . . . . . . Largest Inventory Capacity 15 | 8 15 15 15 15 15 15 15 10 15 10 10 15 10 15 15 15 15 15 15 15 15 15 15 5 5 15 15 5 5 Average Capacity 12 | 6 14 15 15 15 15 15 14 10 10 10 10 10 10 12 15 15 15 15 15 15 15 15 14 5 5 9 12 5 5 Most Carried 15 | 4 5 5 13 15 15 14 15 10 12 10 10 11 10 15 15 15 15 15 15 15 13 13 11 5 5 12 15 5 5 Average Carried 10 | 1 3 5 9 14 13 7 12 9 9 10 10 10 10 10 14 14 14 14 15 13 13 10 10 4 4 6 9 4 4 Final Capacity 15 | 8 15 15 15 15 15 15 10 10 10 10 10 10 10 15 15 15 15 15 15 15 15 15 5 5 5 15 5 5 5 Final Carried 15 | 1 5 5 13 15 15 7 10 10 10 10 10 10 10 14 15 15 15 15 15 13 13 10 5 5 5 11 4 4 3 Class Distribution -------------------- 26% | Hacker-Sprinter 18% | Mutant 17% | Hacker-Scout 15% | Scavenger-Scout 10% | Hacker-Mutant 3% | Hacker-Assassin Dominant Class ---------------- Mutant | -10/Materials Mutant | -10/Mines Mutant | -9/Materials Mutant | -9/Mines Mutant | -8/Materials Commander-Mutant | -8/Storage Scavenger-Scout | -7/Factory Scavenger-Scout | -7/Waste Hacker-Sprinter | -7/Factory Hacker-Sprinter | -7/Lower Caves Hacker-Sprinter | -7/Lower Caves Hacker-Sprinter | -7/Zion Hacker-Sprinter | -6/Proximity Caves Hacker-Mutant | -6/Factory Hacker-Scout | -5/Factory Hacker-Scout | -5/Upper Caves Hacker-Scout | -5/Upper Caves Hacker-Scout | -5/Warlord Hacker-Scout | -4/Proximity Caves Hacker-Scout | -4/Factory Hacker-Sprinter | -4/Upper Caves Hacker-Mutant | -4/Upper Caves Hacker-Mutant | -4/Zhirov Hacker-Sprinter | -3/Proximity Caves Hacker-Sprinter | -3/Research Wizard-Scout | -2/Research Hacker-Scout | -2/Testing Hacker-Scout | -1/Access Hacker-Sprinter | -1/Command Resources | -11 -10 -10 -9 -9 -8 -8 -7 -7 -7 -7 -7 -7 -6 -6 -5 -5 -5 -5 -4 -4 -4 -4 -4 -3 -3 -2 -2 -1 -1 ----------- Run | Yrd Mat Min Mat Min Mat Sto Fac Was Fac Low Low Zio Pro Fac Fac Upp Upp War Pro Fac Upp Upp Zhi Pro Res Res Tes Acc Com Matter Collected 5336 | 247 23 . 178 219 481 215 206 299 965 14 . 67 62 300 88 15 126 38 . . 58 5 . 80 44 328 186 423 669 Remotely . | . . . . . . . . . . . . . . . . . . . . . . . . . . . . . . Salvage Created 4599 | . 73 . 523 193 627 250 243 11 1023 33 . . . 250 . . . . . . . 47 . 36 44 138 75 423 610 Parts 269 | . 7 . 46 8 58 13 3 2 34 1 . . . 5 . . . . . . . 7 . 3 6 6 9 21 40 Haulers Intercepted 21 | . 1 . 4 . 4 1 1 . 6 . . . . 2 . . . . . . . . . . . 1 . 1 . Recyclers Shooed 3 | . . . 1 . 1 . 1 . . . . . . . . . . . . . . . . . . . . . . Parts Field Recycled . | . . . . . . . . . . . . . . . . . . . . . . . . . . . . . . Retrieved Matter . | . . . . . . . . . . . . . . . . . . . . . . . . . . . . . . Parts Self-Destructed 7 | . . . . . . . . . . . . . . . . . . . . . . 4 . 3 . . . . . Prevented . | . . . . . . . . . . . . . . . . . . . . . . . . . . . . . . Kills | -11 -10 -10 -9 -9 -8 -8 -7 -7 -7 -7 -7 -7 -6 -6 -5 -5 -5 -5 -4 -4 -4 -4 -4 -3 -3 -2 -2 -1 -1 ------- Run | Yrd Mat Min Mat Min Mat Sto Fac Was Fac Low Low Zio Pro Fac Fac Upp Upp War Pro Fac Upp Upp Zhi Pro Res Res Tes Acc Com Combat Hostiles Destroyed 74 | . . . 13 2 20 5 . 1 8 4 . . . 1 . . . . . . . 3 . . . . . 8 9 Melee 15 | . . . . . . 1 . . 5 . . . . 1 . . . . . . . . . . . . . 4 4 Guns 7 | . . . 6 1 . . . . . . . . . . . . . . . . . . . . . . . . . Cannons 18 | . . . . 1 15 2 . . . . . . . . . . . . . . . . . . . . . . . AOE 30 | . . . 7 . 5 1 . 1 . 4 . . . . . . . . . . . 3 . . . . . 4 5 Classes Destroyed 17 | . 3 . 5 2 1 1 1 . 1 . . . . . . . . . . . . . . 1 . . . 1 1 Worker 15 | . 1 . . . 2 . 2 . 5 . . . . 1 . . . . . . . . . . . . . . 4 Builder 9 | . . . 2 . 3 . . . 1 . . . . . . . . . . . . . . . . . 3 . . Tunneler 4 | . . . . . . . 1 . 3 . . . . . . . . . . . . . . . . . . . . Hauler 21 | . 1 . 4 . 4 1 1 . 6 . . . . 2 . . . . . . . . . . . 1 . 1 . Recycler 9 | . . . . 2 1 . 2 . 3 . . . . . . . . . . . . . . . . . . 1 . Minesweeper 1 | . . . . . . . . . . . . . . . . . . . . . . . . 1 . . . . . Operator 11 | . 1 . . . 1 . . . 3 . . . . 1 . . . . . . . . . . 2 1 1 1 . Watcher 10 | . . . 2 . 2 . 1 . 4 . . . . . . . . . . . . . . . . . . 1 . Swarmer 35 | . . . 6 . 12 1 . 1 3 4 . . . . . . . . . . . 3 . . . . . . 5 Cutter 4 | . . . . . . . . . . . . . . . . . . . . . . . . . . . . 4 . Grunt 13 | . . . 4 . 5 2 . . 2 . . . . . . . . . . . . . . . . . . . . Brawler 1 | . . . . . . 1 . . . . . . . . . . . . . . . . . . . . . . . Sentry 9 | . . . 3 . 2 1 . . 1 . . . . . . . . . . . . . . . . . . . 2 Demolisher 2 | . . . . 2 . . . . . . . . . . . . . . . . . . . . . . . . . Hunter 1 | . . . . . 1 . . . . . . . . . . . . . . . . . . . . . . . . Programmer 9 | . . . . . . . . . 2 . . . . 1 . . . . . . . . . . . . . 4 2 Butcher 3 | . . . . . . . . . . . . . . . . . . . . . . . . . . . . . 3 Best Kill Streak 9 | . 1 . 5 4 6 4 2 1 4 4 . . . 2 . . . . . . . 3 . 1 1 1 2 9 6 Combat Bots Only 8 | . . . 3 2 4 3 . 1 3 4 . . . 1 . . . . . . . 3 . . . . . 8 5 Max Kills in Single Turn 4 | . 1 . 2 1 3 1 1 1 3 3 . . . 1 . . . . . . . 3 . 1 1 1 1 2 4 Gunslinging . | . . . . . . . . . . . . . . . . . . . . . . . . . . . . . . Exploded 4 | . . . 2 . 2 1 . 1 . 3 . . . . . . . . . . . 3 . . . . . 2 4 Melee 1 | . . . . . . 1 . . 1 . . . . 1 . . . . . . . . . . . . . 1 1 Uniques/NPCs Destroyed . | . . . . . . . . . . . . . . . . . . . . . . . . . . . . . . Combat | -11 -10 -10 -9 -9 -8 -8 -7 -7 -7 -7 -7 -7 -6 -6 -5 -5 -5 -5 -4 -4 -4 -4 -4 -3 -3 -2 -2 -1 -1 -------- Run | Yrd Mat Min Mat Min Mat Sto Fac Was Fac Low Low Zio Pro Fac Fac Upp Upp War Pro Fac Upp Upp Zhi Pro Res Res Tes Acc Com Hostile Shots Fired 733 | . . . 35 3 95 40 . 7 68 13 . . . 7 1 . . . 13 38 . 19 . 13 . 15 55 88 223 Missed 297 | . . . 19 . 19 10 . 5 18 11 . . . . 1 . . . 7 22 . 6 . 8 . 6 34 42 89 Damage Taken 9986 | . . . 311 129 809 617 . 83 967 183 . . . 251 . . . . 133 199 . 220 . 91 . 202 888 1586 3317 Core 2232 | . . . 15 18 67 96 . . 119 57 . . . 27 . . . . 22 . . 18 . . . . 154 375 1264 Absorbed by Shields 287 | . . . . . . . . . . . . . . . . . . . . . . . . . . . 30 . 257 Redirected to Shielding 392 | . . . . . . . . . . . . . . . . . . . . . . . . 16 . 39 171 166 . Ignored by Resistances 288 | . . . . . . . . . . . . . . . . . . . . . . . . . . . . 14 274 Regen/Repaired (Parts) 266 | . . . . . . . 67 . 15 . . . . 54 . . . 39 . 91 . . . . . . . . . Core Remaining (%) 90 | 100 . 100 . 91 . 70 . . . . . . 74 96 . . . . 97 . . . . 91 100 . 89 . . Volleys Fired 139 | . 6 . 29 6 59 16 . 1 . 3 . . . . . . . . . 6 . 1 . . . . 2 4 6 Largest 2 | . 2 . 2 2 2 1 . 1 . 1 . . . . . . . . . 1 . 1 . . . . 1 1 1 Hottest 98 | . 90 . 98 91 98 44 . 39 . 45 . . . . . . . . . 45 . 45 . . . . 65 30 60 Shots Fired 232 | . 12 . 54 10 116 16 . 1 1 3 . . . . . . . . . 6 . 1 . . . . 2 4 6 Gun 68 | . 12 . 32 6 13 . . . . . . . . . . . . . . 5 . . . . . . . . . Cannon 125 | . . . 7 4 99 14 . . . . . . . . . . . . . . . . . . . . 1 . . Launcher 39 | . . . 15 . 4 2 . 1 1 3 . . . . . . . . . 1 . 1 . . . . 1 4 6 Special . | . . . . . . . . . . . . . . . . . . . . . . . . . . . . . . Kinetic 140 | . . . 18 6 96 14 . . . . . . . . . . . . . 5 . . . . . . 1 . . Thermal 53 | . 12 . 21 4 16 . . . . . . . . . . . . . . . . . . . . . . . . Explosive 32 | . . . 15 . 3 . . 1 1 3 . . . . . . . . . 1 . 1 . . . . 1 4 2 Electromagnetic 7 | . . . . . 1 2 . . . . . . . . . . . . . . . . . . . . . . 4 Robot Hit Streak 12 | . 4 . 12 7 8 10 . . . 1 . . . . . . . . . 7 . . . . . . . 1 3 Robot Miss Streak 10 | . 1 . 3 2 10 6 . 2 . 10 . . . . . . . . . . . . . . . . . 2 2 Penetration Max . | . . . . . . . . . . . . . . . . . . . . . . . . . . . . . . Secondary Targets . | . . . . . . . . . . . . . . . . . . . . . . . . . . . . . . Shots Hit Robots 281 | . 7 . 29 7 81 19 10 . 55 1 . . . 8 1 . . . . 1 . . . 3 4 3 5 13 34 Core Hits 229 | . 5 . 30 7 91 13 1 2 13 10 . . . . . . . . . 2 . 6 . 1 1 2 3 12 30 Critical Kills 5 | . . . . . 1 . . . 4 . . . . . . . . . . . . . . . . . . . . Critical Parts Destroyed 17 | . . . . . . 2 2 . 9 . . . . 4 . . . . . . . . . . . . . . . Critical Strikes 25 | . 1 . . . 1 2 2 . 13 . . . . 4 . . . . . . . . . . 1 . . . 1 Burn 1 | . 1 . . . . . . . . . . . . . . . . . . . . . . . . . . . . Destroy 1 | . . . . . 1 . . . . . . . . . . . . . . . . . . . . . . . . Smash 21 | . . . . . . 2 2 . 13 . . . . 4 . . . . . . . . . . . . . . . Sever 2 | . . . . . . . . . . . . . . . . . . . . . . . . . 1 . . . 1 Melee Attacks 389 | . . . . . . 12 41 1 155 . . . . 22 9 1 . . . 8 . . . 5 15 9 27 42 42 Impact 249 | . . . . . . 12 41 1 155 . . . . 22 9 1 . . . 8 . . . . . . . . . Slashing 140 | . . . . . . . . . . . . . . . . . . . . . . . . 5 15 9 27 42 42 Piercing . | . . . . . . . . . . . . . . . . . . . . . . . . . . . . . . Sneak Attacks 41 | . . . . . . . 6 . 18 . . . . 3 . . . . . . . . . 1 1 2 4 3 3 Combat Hostiles . | . . . . . . . . . . . . . . . . . . . . . . . . . . . . . . Follow-up Attacks . | . . . . . . . . . . . . . . . . . . . . . . . . . . . . . . Damage Inflicted 16666 | . 88 . 971 121 1611 548 720 59 4046 383 . . . 738 48 . . . . 51 . 129 . 181 250 221 418 2011 4072 Guns 629 | . 88 . 321 79 141 . . . . . . . . . . . . . . . . . . . . . . . . Cannons 1603 | . . . 101 42 1231 229 . . . . . . . . . . . . . . . . . . . . . . . Explosions 5089 | . . . 549 . 239 130 . 59 253 383 . . . . . . . . . 51 . 129 . . . . . 1035 2261 Melee 9345 | . . . . . . 189 720 . 3793 . . . . 738 48 . . . . . . . . 181 250 221 418 976 1811 Ramming . | . . . . . . . . . . . . . . . . . . . . . . . . . . . . . . Kinetic 1800 | . . . 244 79 1248 229 . . . . . . . . . . . . . . . . . . . . . . . Thermal 530 | . 88 . 178 42 222 . . . . . . . . . . . . . . . . . . . . . . . . Explosive 4071 | . . . 549 . 52 . . 59 253 383 . . . . . . . . . 51 . 129 . . . . . 1035 1560 Electromagnetic 920 | . . . . . 89 130 . . . . . . . . . . . . . . . . . . . . . . 701 Impact 5488 | . . . . . . 189 720 . 3793 . . . . 738 48 . . . . . . . . . . . . . . Slashing 3857 | . . . . . . . . . . . . . . . . . . . . . . . . 181 250 221 418 976 1811 Piercing . | . . . . . . . . . . . . . . . . . . . . . . . . . . . . . . Highest Corruption 21 | . . . . . . 4 . . 21 21 21 21 . 6 1 1 1 1 1 . . . . . . . 16 1 8 Average Corruption 7 | . . . . . . 2 . . 7 21 21 21 . 5 1 1 1 1 1 . . . . . . . 16 1 4 Corruption Purged . | . . . . . . . . . . . . . . . . . . . . . . . . . . . . . . Corruption Blocked 18 | . . . . . . . . . . . . . . . . . . . . . . . . . . 18 . . . Effects 112 | . . . . . . 5 . . 51 8 1 1 . 25 . 1 . . . . . . . . . . 12 1 7 Message Errors 28 | . . . . . . 1 . . 12 1 . 1 . 7 . . . . . . . . . . . . 2 1 3 Matter Fused 23 | . . . . . . 1 . . 10 3 1 . . 5 . . . . . . . . . . . . 1 . 2 Heat Flow Errors 15 | . . . . . . 2 . . 10 1 . . . 1 . 1 . . . . . . . . . . . . . Energy Discharges 15 | . . . . . . . . . 6 . . . . 6 . . . . . . . . . . . . 2 . 1 Parts Rejected 1 | . . . . . . 1 . . . . . . . . . . . . . . . . . . . . . . . Parts Fused 2 | . . . . . . . . . 1 1 . . . . . . . . . . . . . . . . . . . Data Loss (minor) 10 | . . . . . . . . . 4 1 . . . 3 . . . . . . . . . . . . 2 . . Data Loss (major) 9 | . . . . . . . . . 4 . . . . 3 . . . . . . . . . . . . 1 . 1 Misfires 1 | . . . . . . . . . 1 . . . . . . . . . . . . . . . . . . . . Alerts 2 | . . . . . . . . . 1 1 . . . . . . . . . . . . . . . . . . . Misdirections 6 | . . . . . . . . . 2 . . . . . . . . . . . . . . . . . 4 . . Overload Shots . | . . . . . . . . . . . . . . . . . . . . . . . . . . . . . . Overflow Damage 3926 | . . . 25 . 10 83 282 . 1696 27 . . . 561 28 . . . . . . . . 59 72 50 125 434 474 Projectiles 41 | . . . . . . . . . 41 . . . . . . . . . . . . . . . . . . . . Explosions 539 | . . . 25 . 10 1 . . 38 27 . . . . . . . . . . . . . . . . . 277 161 Melee 3346 | . . . . . . 82 282 . 1617 . . . . 561 28 . . . . . . . . 59 72 50 125 157 313 Knockbacks 30 | . . . . . 12 4 2 . 8 . . . . 4 . . . . . . . . . . . . . . . Impact 13 | . . . . . . . 2 . 7 . . . . 4 . . . . . . . . . . . . . . . Kinetic 14 | . . . . . 10 4 . . . . . . . . . . . . . . . . . . . . . . . Secondary 3 | . . . . . 2 . . . 1 . . . . . . . . . . . . . . . . . . . . Self-Inflicted Damage 875 | . . . 144 . . 49 . . 92 81 . . . . . . . . . . . . . . . . 90 210 209 Shots 16 | . . . 3 . . 2 . . 1 3 . . . . . . . . . . . . . . . . 1 1 5 Rammed . | . . . . . . . . . . . . . . . . . . . . . . . . . . . . . . Targets Rammed . | . . . . . . . . . . . . . . . . . . . . . . . . . . . . . . Kicked . | . . . . . . . . . . . . . . . . . . . . . . . . . . . . . . Crushed . | . . . . . . . . . . . . . . . . . . . . . . . . . . . . . . Highest Temperature 459 | . 90 . 201 180 402 162 . 63 284 259 . . . 336 186 166 50 44 334 335 226 459 23 293 . 312 280 318 358 Average Temperature 79 | . 37 . 45 90 100 44 . 26 23 125 . . . 126 33 54 19 19 262 132 112 197 15 122 . 131 70 111 149 Received Heat Transfer 1063 | . . . 42 . 243 270 . . 99 18 . . . . . . . . 12 9 . 58 . 18 . 9 96 9 180 Effects 25 | . . . . . 1 . . . . 2 . . . . . . . . 1 2 . 6 . 1 . 1 1 2 8 Shutdowns 5 | . . . . . . . . . . . . . . . . . . . . 1 . 4 . . . . . . . Energy Bleed 6 | . . . . . . . . . . . . . . . . . . . . . . 1 . 1 . 1 . . 3 Interference 11 | . . . . . . . . . . 2 . . . . . . . . . 1 . 1 . . . . 1 1 5 Damage (minor) 3 | . . . . . 1 . . . . . . . . . . . . . 1 . . . . . . . . 1 . Siege Activations . | . . . . . . . . . . . . . . . . . . . . . . . . . . . . . . Robots Corrupted 1 | . . . . . . 1 . . . . . . . . . . . . . . . . . . . . . . . Combat Hostiles 1 | . . . . . . 1 . . . . . . . . . . . . . . . . . . . . . . . Parts Fried 27 | . . . . . . . 8 . 15 . . . . 4 . . . . . . . . . . . . . . . Impact Corruptions 80 | . . . . . . 2 10 . 51 . . . . 16 1 . . . . . . . . . . . . . . Robots Melted . | . . . . . . . . . . . . . . . . . . . . . . . . . . . . . . Combat Hostiles . | . . . . . . . . . . . . . . . . . . . . . . . . . . . . . . Parts Melted 3 | . 1 . . . 2 . . . . . . . . . . . . . . . . . . . . . . . . Heat Transferred 1174 | . 321 . 407 74 372 . . . . . . . . . . . . . . . . . . . . . . . . Parts Sabotaged . | . . . . . . . . . . . . . . . . . . . . . . . . . . . . . . Parts Stolen . | . . . . . . . . . . . . . . . . . . . . . . . . . . . . . . Parts Stripped . | . . . . . . . . . . . . . . . . . . . . . . . . . . . . . . Power Chain Reactions 5 | . . . . . 2 . . . . . . . . . . . . . . . . . . . . . . . 3 Alert | -11 -10 -10 -9 -9 -8 -8 -7 -7 -7 -7 -7 -7 -6 -6 -5 -5 -5 -5 -4 -4 -4 -4 -4 -3 -3 -2 -2 -1 -1 ------- Run | Yrd Mat Min Mat Min Mat Sto Fac Was Fac Low Low Zio Pro Fac Fac Upp Upp War Pro Fac Upp Upp Zhi Pro Res Res Tes Acc Com Peak Influence 915 | . 17 6 501 210 527 915 531 211 419 . . . . 76 107 . . . . 190 . . . . 115 130 773 817 835 Initial 522 | . . 6 1 150 81 222 415 137 147 . . . . . 2 . . . . 9 . . . . . . 72 244 522 Average 243 | . 7 6 324 196 292 464 430 183 191 . . . . 28 49 . . . . 73 . . . . 41 42 359 326 656 Maximum Alert Level 3 | . . . 2 1 2 3 2 1 2 . . . . . . . . . . . . . . . . . 3 3 3 Low Security (%) 45 | 100 100 100 24 22 11 . . 80 51 . . . . 100 100 . . . . 100 . . . . 100 100 20 36 . Level 1 31 | . . . 38 77 75 50 22 19 44 . . . . . . . . . . . . . . . . . 35 25 . Level 2 20 | . . . 37 . 13 31 77 . 4 . . . . . . . . . . . . . . . . . 42 29 73 Level 3 2 | . . . . . . 17 . . . . . . . . . . . . . . . . . . . . 1 8 26 Level 4 . | . . . . . . . . . . . . . . . . . . . . . . . . . . . . . . Level 5 . | . . . . . . . . . . . . . . . . . . . . . . . . . . . . . . High Security . | . . . . . . . . . . . . . . . . . . . . . . . . . . . . . . Max Security . | . . . . . . . . . . . . . . . . . . . . . . . . . . . . . . Squads Dispatched 53 | . . . . . 1 4 3 . 19 . . . . 2 2 . . . . 3 . . . . 3 3 7 5 1 Investigation 29 | . . . . . . . 2 . 12 . . . . 1 2 . . . . 2 . . . . 1 1 3 4 1 Extermination 6 | . . . . . . . . . 3 . . . . 1 . . . . . 1 . . . . . . 1 . . Reinforcement 16 | . . . . . 1 3 1 . 4 . . . . . . . . . . . . . . . 2 2 2 1 . Assault 1 | . . . . . . . . . . . . . . . . . . . . . . . . . . . 1 . . Garrison 1 | . . . . . . 1 . . . . . . . . . . . . . . . . . . . . . . . Intercept . | . . . . . . . . . . . . . . . . . . . . . . . . . . . . . . Searches Triggered 2 | . . . . . . . . . . . . . . . . . . . . . . . . . . . 1 1 . Construction Impeded . | . . . . . . . . . . . . . . . . . . . . . . . . . . . . . . Haulers Reinforced 4 | . . . . . . . . . 2 . . . . . . . . . . . . . . . . 2 . . . Active Scanning Responses . | . . . . . . . . . . . . . . . . . . . . . . . . . . . . . . Cargo Convoy Interrupts . | . . . . . . . . . . . . . . . . . . . . . . . . . . . . . . Stealth | -11 -10 -10 -9 -9 -8 -8 -7 -7 -7 -7 -7 -7 -6 -6 -5 -5 -5 -5 -4 -4 -4 -4 -4 -3 -3 -2 -2 -1 -1 --------- Run | Yrd Mat Min Mat Min Mat Sto Fac Was Fac Low Low Zio Pro Fac Fac Upp Upp War Pro Fac Upp Upp Zhi Pro Res Res Tes Acc Com Distress Signals 24 | . 1 . . 1 . 1 2 . 3 . . . . . . . . 3 . 1 . . . . . 6 4 1 1 Communications Jammed . | . . . . . . . . . . . . . . . . . . . . . . . . . . . . . . Distress Signals . | . . . . . . . . . . . . . . . . . . . . . . . . . . . . . . Times Spotted 365 | . 2 . 18 2 27 16 11 5 41 14 1 . . 6 4 . . 6 7 20 . 14 . 9 2 13 60 43 44 Peak Tracking Total 23 | . 2 . 4 2 5 4 4 4 5 9 1 . . 4 5 . . 6 7 9 . 8 . 9 1 5 21 23 14 Tactical Retreats 58 | . . . 1 . 2 1 2 . 8 3 . . . 1 . . . 1 1 4 . 6 . . . 1 11 6 10 Traps | -11 -10 -10 -9 -9 -8 -8 -7 -7 -7 -7 -7 -7 -6 -6 -5 -5 -5 -5 -4 -4 -4 -4 -4 -3 -3 -2 -2 -1 -1 ------- Run | Yrd Mat Min Mat Min Mat Sto Fac Was Fac Low Low Zio Pro Fac Fac Upp Upp War Pro Fac Upp Upp Zhi Pro Res Res Tes Acc Com Traps Triggered 32 | . . . . . . 3 1 . 5 1 . . . 1 1 . . . . 1 . . . . . . 1 . 18 Indirectly 12 | . . . . . . . . . . . . . . . . . . . . . . . . . . . . . 12 Trap Hack Attempts . | . . . . . . . . . . . . . . . . . . . . . . . . . . . . . . Triggered . | . . . . . . . . . . . . . . . . . . . . . . . . . . . . . . Disarmed 9 | . . . . . . . . . 3 . . . . . . . . . . . . . . . . 6 . . . Reprogrammed 6 | . . . . . . . . . . . . . . . . . . . . . . . . . . . 6 . . Reused 3 | . . . . . . . . . . . . . . . . . . . . . . . . . . . 3 . . Traps Extracted . | . . . . . . . . . . . . . . . . . . . . . . . . . . . . . . Installed . | . . . . . . . . . . . . . . . . . . . . . . . . . . . . . . Triggered 16 | . . . . . . . . . . . . . 1 . . . . 11 . . . 1 . . . . 3 . . Machines | -11 -10 -10 -9 -9 -8 -8 -7 -7 -7 -7 -7 -7 -6 -6 -5 -5 -5 -5 -4 -4 -4 -4 -4 -3 -3 -2 -2 -1 -1 ---------- Run | Yrd Mat Min Mat Min Mat Sto Fac Was Fac Low Low Zio Pro Fac Fac Upp Upp War Pro Fac Upp Upp Zhi Pro Res Res Tes Acc Com Machines Disabled 19 | . . . 5 . 3 1 . . 2 . . . . 1 . 1 . . . . . . . . . . 5 1 . Max in Single Turn 2 | . . . 2 . 1 1 . . 2 . . . . 1 . 1 . . . . . . . . . . 1 1 . Garrison Access 4 | . . . . . 1 . 1 . 2 . . . . . . . . . . . . . . . . . . . . Phase Generator 1 | . . . . . . . . . . . . . . . . . . . . . . . . . . . . . 1 Machines Repaired . | . . . . . . . . . . . . . . . . . . . . . . . . . . . . . . Machines Dismantled . | . . . . . . . . . . . . . . . . . . . . . . . . . . . . . . Machines Sabotaged . | . . . . . . . . . . . . . . . . . . . . . . . . . . . . . . Overloaded Fab Kills . | . . . . . . . . . . . . . . . . . . . . . . . . . . . . . . Hacking | -11 -10 -10 -9 -9 -8 -8 -7 -7 -7 -7 -7 -7 -6 -6 -5 -5 -5 -5 -4 -4 -4 -4 -4 -3 -3 -2 -2 -1 -1 --------- Run | Yrd Mat Min Mat Min Mat Sto Fac Was Fac Low Low Zio Pro Fac Fac Upp Upp War Pro Fac Upp Upp Zhi Pro Res Res Tes Acc Com Machines Accessed 128 | . 1 . 1 . 2 7 10 . 30 2 . . . 10 7 2 . 7 . 8 . . 6 . 7 3 12 11 2 Terminals 81 | . 1 . 1 . 1 7 6 . 18 . . . . 7 6 . . . . 6 . . . . 5 2 10 9 2 Fabricators 10 | . . . . . . . . . 5 . . . . 1 1 . . . . . . . . . 1 1 1 . . Repair Stations 6 | . . . . . . . 1 . 1 . . . . 1 . . . . . 1 . . . . 1 . . 1 . Recycling Units 1 | . . . . . . . . . 1 . . . . . . . . . . . . . . . . . . . . Scanalyzers 6 | . . . . . . . 1 . 3 . . . . 1 . . . . . 1 . . . . . . . . . Garrison Access 7 | . . . . . 1 . 2 . 2 . . . . . . . . . . . . . . . . . 1 1 . Total Hacks 371 | . 2 . 1 . 4 14 18 . 89 2 . . . 45 22 2 . 15 . 24 . . 19 . 24 11 47 27 5 Successful 231 | . 1 . 1 . 3 7 10 . 63 2 . . . 27 8 2 . 15 . 15 . . 19 . 15 8 24 10 1 Failed 140 | . 1 . . . 1 7 8 . 26 . . . . 18 14 . . . . 9 . . . . 9 3 23 17 4 Catastrophic 14 | . . . . . . . 2 . 3 . . . . . . . . . . 2 . . . . . 1 2 4 . Database Lockouts . | . . . . . . . . . . . . . . . . . . . . . . . . . . . . . . Manual 116 | . . . . . . 10 9 . 38 . . . . 14 7 . . . . 12 . . . . 12 5 9 . . Terminals 241 | . 2 . 1 . 3 14 10 . 61 . . . . 20 19 . . . . 17 . . . . 18 9 41 21 5 Fabricators 25 | . . . . . . . . . 11 . . . . 3 3 . . . . . . . . . 3 2 3 . . Repair Stations 20 | . . . . . . . 2 . 2 . . . . 6 . . . . . 3 . . . . 3 . . 4 . Recycling Units 1 | . . . . . . . . . 1 . . . . . . . . . . . . . . . . . . . . Scanalyzers 34 | . . . . . . . 2 . 12 . . . . 16 . . . . . 4 . . . . . . . . . Garrison Access 12 | . . . . . 1 . 4 . 2 . . . . . . . . . . . . . . . . . 3 2 . Terminal Hacks 115 | . 1 . 1 . 2 3 1 . 18 2 . . . 7 3 2 . 15 . 4 . . 19 . 6 4 18 8 1 Record 16 | . . . . . . . . . . . . . . . . 1 . 8 . . . . 7 . . . . . . Part Schematic 13 | . . . . . . . . . 3 . . . . 1 . . . . . 1 . . 4 . 1 1 2 . . Robot Analysis 4 | . . . . . . . . . . . . . . . . . . . . . . . 4 . . . . . . Prototype ID Bank 11 | . 1 . . . . . . . . . . . . 1 . . . 5 . . . . 4 . . . . . . Open Door 11 | . . . . . . 2 . . . 2 . . . . . 1 . 2 . . . . . . . . 1 3 . Branch Access Points 5 | . . . . . 1 . . . . . . . . . 1 . . . . 1 . . . . . 1 1 . . Emergency Access Points 1 | . . . . . . . . . . . . . . . . . . . . . . . . . . . 1 . . Machine Index 2 | . . . . . . . . . . . . . . . . . . . . 1 . . . . . . 1 . . Terminal Index 4 | . . . . . . . . . 1 . . . . . 1 . . . . . . . . . . 1 . 1 . Fabricator Index 1 | . . . . . . . . . . . . . . . . . . . . . . . . . . . 1 . . Scanalyzer Index 1 | . . . . . . . . . . . . . . 1 . . . . . . . . . . . . . . . Garrison Index 1 | . . . . . . . . . . . . . . 1 . . . . . . . . . . . . . . . Alert Level 2 | . . . . . . 1 . . 1 . . . . . . . . . . . . . . . . . . . . Unreport Threat 7 | . . . . . . . . . 3 . . . . . . . . . . . . . . . 1 . 2 1 . Locate Traps 1 | . . . . . . . . . 1 . . . . . . . . . . . . . . . . . . . . Disarm Traps 2 | . . . . . . . . . 1 . . . . . . . . . . . . . . . . 1 . . . Reprogram Traps 1 | . . . . . . . . . . . . . . . . . . . . . . . . . . . 1 . . Patrol Status 1 | . . . . . . . . . 1 . . . . . . . . . . . . . . . . . . . . Recall Investigation 7 | . . . . . . . . . 2 . . . . 1 1 . . . . . . . . . 1 . 2 . . Recall Extermination 2 | . . . . . . . . . 1 . . . . . . . . . . . . . . . . . 1 . . Recall Reinforcements 1 | . . . . . . . . . . . . . . . . . . . . . . . . . 1 . . . . Hauler Manifests 6 | . . . 1 . . . . . 2 . . . . 1 . . . . . . . . . . 1 . . 1 . Registered Components 4 | . . . . . . . . . 1 . . . . . . . . . . . . . . . 1 . 1 1 . Registered Prototypes 1 | . . . . . . . . . . . . . . . . . . . . . . . . . . . 1 . . Zone Layout 7 | . . . . . 1 . 1 . 1 . . . . 1 . . . . . 1 . . . . . . 1 1 . Protovariant Controls 2 | . . . . . . . . . . . . . . . . . . . . . . . . . . . 2 . . Disengage Seal 1 | . . . . . . . . . . . . . . . . . . . . . . . . . . . . . 1 Fabricator Hacks 21 | . . . . . . . . . 10 . . . . 2 2 . . . . . . . . . 3 2 2 . . Network Status 1 | . . . . . . . . . . . . . . . . . . . . . . . . . 1 . . . . Load Schematic 10 | . . . . . . . . . 5 . . . . 1 1 . . . . . . . . . 1 1 1 . . Build 10 | . . . . . . . . . 5 . . . . 1 1 . . . . . . . . . 1 1 1 . . Repair Station Hacks 12 | . . . . . . . 2 . 2 . . . . 3 . . . . . 2 . . . . 1 . . 2 . Scan Component 8 | . . . . . . . 1 . 1 . . . . 2 . . . . . 1 . . . . 1 . . 2 . Repair 4 | . . . . . . . 1 . 1 . . . . 1 . . . . . 1 . . . . . . . . . Recycling Unit Hacks 1 | . . . . . . . . . 1 . . . . . . . . . . . . . . . . . . . . Report Inventory 1 | . . . . . . . . . 1 . . . . . . . . . . . . . . . . . . . . Scanalyzer 26 | . . . . . . . 2 . 11 . . . . 10 . . . . . 3 . . . . . . . . . Insert Component 14 | . . . . . . . 1 . 6 . . . . 5 . . . . . 2 . . . . . . . . . Analyze 12 | . . . . . . . 1 . 5 . . . . 5 . . . . . 1 . . . . . . . . . Garrison Access Hacks 4 | . . . . . 1 . 1 . 2 . . . . . . . . . . . . . . . . . . . . Seal Access 4 | . . . . . 1 . 1 . 2 . . . . . . . . . . . . . . . . . . . . Unauthorized Hacks 52 | . . . . . . 4 4 . 19 . . . . 5 3 . . . . 6 . . . . 5 2 4 . . Terminals 51 | . . . . . . 4 4 . 19 . . . . 5 3 . . . . 5 . . . . 5 2 4 . . Assimilate 2 | . . . . . . . . . 1 . . . . . . . . . . 1 . . . . . . . . . Botnet 49 | . . . . . . 4 4 . 18 . . . . 5 3 . . . . 4 . . . . 5 2 4 . . Fabricators . | . . . . . . . . . . . . . . . . . . . . . . . . . . . . . . Repair Stations 1 | . . . . . . . . . . . . . . . . . . . . 1 . . . . . . . . . Mechanics 1 | . . . . . . . . . . . . . . . . . . . . 1 . . . . . . . . . Recycling Units . | . . . . . . . . . . . . . . . . . . . . . . . . . . . . . . Scanalyzers . | . . . . . . . . . . . . . . . . . . . . . . . . . . . . . . Garrison Access . | . . . . . . . . . . . . . . . . . . . . . . . . . . . . . . Data Cores Recovered 5 | . 1 . . . . . . . . . . . . . . . . . . . . . . . 2 1 . 1 . Used 2 | . 1 . . . . . . . . . . . . . . . . . . . . . . . . 1 . . . Hacking Detections 94 | . 1 . 1 . 1 4 7 . 24 . . . . 10 7 . . . . 7 . . . . 7 3 11 10 1 Full Trace Events 28 | . . . . . . . 2 . 12 . . . . 1 2 . . . . 1 . . . . 1 1 3 4 1 Feedback Events 6 | . . . . . . . . . 2 . . . . . 1 . . . . 1 . . . . . . 1 1 . Corruption 4 | . . . . . . . . . 2 . . . . . 1 . . . . . . . . . . . . 1 . Hackware Fried 2 | . . . . . . . . . . . . . . . . . . . . 1 . . . . . . 1 . . Feedback Blocked 2 | . . . . . . . . . . . . . . . . . . . . . . . . . . . . 2 . Robot Schematics Acquired 4 | . . . . . . . . . . . . 3 . . . . . . . . . . . . . . 1 . . Robots Built . | . . . . . . . . . . . . . . . . . . . . . . . . . . . . . . Authchips . | . . . . . . . . . . . . . . . . . . . . . . . . . . . . . . Time . | . . . . . . . . . . . . . . . . . . . . . . . . . . . . . . Total Robot Build Rating . | . . . . . . . . . . . . . . . . . . . . . . . . . . . . . . Part Schematics Acquired 35 | . . . . . . . . . 7 . . 15 . 5 . . . . . 1 . . 4 . . 1 2 . . Parts Built 10 | . . . . . . . . . 6 . . . . 1 1 . . . . . . . . . 1 . 1 . . Authchips . | . . . . . . . . . . . . . . . . . . . . . . . . . . . . . . Time 731 | . . . . . . . . . 439 . . . . 67 28 . . . . . . . . . 31 64 102 . . Total Part Build Rating 46 | . . . . . . . . . 25 . . . . 4 4 . . . . . . . . . 5 . 8 . . Parts Repaired 4 | . . . . . . . 1 . 1 . . . . 1 . . . . . 1 . . . . . . . . . Time 138 | . . . . . . . 30 . 38 . . . . 35 . . . . . 35 . . . . . . . . . Parts Recycled . | . . . . . . . . . . . . . . . . . . . . . . . . . . . . . . Recycled Matter . | . . . . . . . . . . . . . . . . . . . . . . . . . . . . . . Retrieved Matter . | . . . . . . . . . . . . . . . . . . . . . . . . . . . . . . Retrieved Components . | . . . . . . . . . . . . . . . . . . . . . . . . . . . . . . Parts Scanalyzed 12 | . . . . . . . 1 . 6 . . . . 4 . . . . . 1 . . . . . . . . . Part Schematics Acquired 8 | . . . . . . . . . 4 . . . . 4 . . . . . . . . . . . . . . . Parts Damaged 1 | . . . . . . . . . . . . . . . . . . . . 1 . . . . . . . . . Bothacking | -11 -10 -10 -9 -9 -8 -8 -7 -7 -7 -7 -7 -7 -6 -6 -5 -5 -5 -5 -4 -4 -4 -4 -4 -3 -3 -2 -2 -1 -1 ------------ Run | Yrd Mat Min Mat Min Mat Sto Fac Was Fac Low Low Zio Pro Fac Fac Upp Upp War Pro Fac Upp Upp Zhi Pro Res Res Tes Acc Com Used RIF Installer . | . . . . . . . . . . . . . . . . . . . . . . . . . . . . . . Robots Hacked . | . . . . . . . . . . . . . . . . . . . . . . . . . . . . . . Non-combat . | . . . . . . . . . . . . . . . . . . . . . . . . . . . . . . Combat . | . . . . . . . . . . . . . . . . . . . . . . . . . . . . . . Robot Hacks Applied . | . . . . . . . . . . . . . . . . . . . . . . . . . . . . . . Relay Couplers Released . | . . . . . . . . . . . . . . . . . . . . . . . . . . . . . . Fabnet Peak Effective % . | . . . . . . . . . . . . . . . . . . . . . . . . . . . . . . Robots Rewired . | . . . . . . . . . . . . . . . . . . . . . . . . . . . . . . Allies Hacked 1 | . . . . . . . . . . . . . . . . . . . . . . . . . . . . 1 . Hacks Repelled . | . . . . . . . . . . . . . . . . . . . . . . . . . . . . . . Allies | -11 -10 -10 -9 -9 -8 -8 -7 -7 -7 -7 -7 -7 -6 -6 -5 -5 -5 -5 -4 -4 -4 -4 -4 -3 -3 -2 -2 -1 -1 -------- Run | Yrd Mat Min Mat Min Mat Sto Fac Was Fac Low Low Zio Pro Fac Fac Upp Upp War Pro Fac Upp Upp Zhi Pro Res Res Tes Acc Com Total Allies 26 | . . . . . . 10 . . 13 . . . . . . . . . . . . . . . . . . 3 . Largest Group 10 | . . . . . . 10 . . 4 . . . . . . . . . . . . . . . . . . 3 . Highest-Rated Group 379 | . . . . . . 173 . . 101 . . . . . . . . . . . . . . . . . . 379 . Highest-Rated Ally 135 | . . . . . . 29 . . 31 . . . . . . . . . . . . . . . . . . 135 . Total Orders . | . . . . . . . . . . . . . . . . . . . . . . . . . . . . . . Ally Attacks 102 | . . . . . . 102 . . . . . . . . . . . . . . . . . . . . . . . Total Damage 1377 | . . . . . . 1377 . . . . . . . . . . . . . . . . . . . . . . . Kills 16 | . . . . . . 16 . . . . . . . . . . . . . . . . . . . . . . . Allies Corrupted 1 | . . . . . . . . . . . . . . . . . . . . . . . . . . . . 1 . Allies Melted . | . . . . . . . . . . . . . . . . . . . . . . . . . . . . . . Intel | -11 -10 -10 -9 -9 -8 -8 -7 -7 -7 -7 -7 -7 -6 -6 -5 -5 -5 -5 -4 -4 -4 -4 -4 -3 -3 -2 -2 -1 -1 ------- Run | Yrd Mat Min Mat Min Mat Sto Fac Was Fac Low Low Zio Pro Fac Fac Upp Upp War Pro Fac Upp Upp Zhi Pro Res Res Tes Acc Com Robot Analysis Total 4 | . . . . . . . . . . . . . . . . . . . . . . . 4 . . . . . . Derelict Logs Recovered 10 | . . . . . . . . . . 2 2 1 . . . 1 1 . 1 . 1 1 . . . . . . . Drone Launches . | . . . . . . . . . . . . . . . . . . . . . . . . . . . . . . Drone Recoveries . | . . . . . . . . . . . . . . . . . . . . . . . . . . . . . . Exploration | -11 -10 -10 -9 -9 -8 -8 -7 -7 -7 -7 -7 -7 -6 -6 -5 -5 -5 -5 -4 -4 -4 -4 -4 -3 -3 -2 -2 -1 -1 ------------- Run | Yrd Mat Min Mat Min Mat Sto Fac Was Fac Low Low Zio Pro Fac Fac Upp Upp War Pro Fac Upp Upp Zhi Pro Res Res Tes Acc Com Turns Passed 11011 | 78 158 32 571 399 753 356 893 76 2399 216 82 273 53 912 274 73 106 652 109 311 29 223 169 90 171 268 507 319 459 Spaces Moved 20883 | 47 84 21 283 232 334 274 1451 260 4749 662 313 930 203 1586 672 254 347 1056 458 814 144 419 233 418 520 602 1378 1109 1030 Core 16 | 10 . . . . . . . . . . . . . . . . . . . . . . . . . . . . 6 Treads 991 | 37 84 21 283 232 334 . . . . . . . . . . . . . . . . . . . . . . . . Legs . | . . . . . . . . . . . . . . . . . . . . . . . . . . . . . . Wheels . | . . . . . . . . . . . . . . . . . . . . . . . . . . . . . . Hover 1671 | . . . . . . 274 1397 . . . . . . . . . . . . . . . . . . . . . . Flight 18205 | . . . . . . . 54 260 4749 662 313 930 203 1586 672 254 347 1056 458 814 144 419 233 418 520 602 1378 1109 1024 Fastest Speed 5 | 50 160 160 160 160 155 45 25 25 23 23 26 26 26 5 14 20 20 20 5 5 14 5 14 6 21 10 7 10 10 Average Speed 32 | 136 160 160 160 160 158 90 46 25 28 23 26 26 26 40 17 20 20 22 22 19 19 44 62 13 21 18 10 10 12 Slowest Speed 248 | 160 160 160 160 160 160 115 115 25 248 26 26 26 26 82 20 20 20 24 24 83 20 68 68 21 21 76 12 30 50 Overloaded Moves 379 | . . . . . . . . . 14 . . . . 64 . . . . 30 72 6 161 . 29 . . 3 . . Propulsion Burnouts 1 | . . . . . . . . . . . . . . . . . . . . 1 . . . . . . . . . Robots Hopped 51 | . . . . . . . . . 17 . 2 . . 5 2 . . 2 1 2 . 1 . . 2 . 10 3 4 Cave-ins Triggered 5 | . . . . . . . . . 4 . . . . . . . . . . . . . . . . . 1 . . Teleports 1 | . . . . . . . . . . . . . . . . . . . . . . . 1 . . . . . . Exploration Rate (%) 48 | 3 22 10 29 42 40 50 44 95 85 64 56 84 41 36 19 48 60 96 67 24 37 75 63 64 18 12 95 30 36 Regions Visited 29 Branch Regions 17 Pre-discovered Areas 7 | . . . . . . . . . . . . 1 . . . 1 . 1 . . 1 . 3 . . . . . . Known Exits Taken 22 | . . . . . 1 1 . . 1 1 1 1 1 1 1 1 1 1 1 1 1 1 1 1 1 1 1 1 . Unknown Exits Taken 5 | 1 1 1 1 1 . . . . . . . . . . . . . . . . . . . . . . . . . Scrap Searched 24 | . . . . . . . . . . 2 2 4 3 . . 2 4 . 4 . 1 . . 2 . . . . . Spaces Dug 203 | . . . . . . 2 28 . 80 . . . . 11 8 . . . . 11 . . . 2 9 5 18 22 7 Terrain Destroyed 607 | . . . 131 . 9 2 28 12 96 85 . . . 11 8 . . . . 49 . 24 . 2 9 5 35 75 26 Melee 200 | . . . . . . 2 28 . 80 . . . . 11 8 . . . . 8 . . . 2 9 5 18 22 7 Projectile 3 | . . . . . . . . . . . . . . . . . . . . 3 . . . . . . . . . AOE 404 | . . . 131 . 9 . . 12 16 85 . . . . . . . . . 38 . 24 . . . . 17 53 19 Terrain Rammed . | . . . . . . . . . . . . . . . . . . . . . . . . . . . . . . Walls Destroyed . | . . . . . . . . . . . . . . . . . . . . . . . . . . . . . . Machines Disabled . | . . . . . . . . . . . . . . . . . . . . . . . . . . . . . . Actions | -11 -10 -10 -9 -9 -8 -8 -7 -7 -7 -7 -7 -7 -6 -6 -5 -5 -5 -5 -4 -4 -4 -4 -4 -3 -3 -2 -2 -1 -1 --------- Run | Yrd Mat Min Mat Min Mat Sto Fac Was Fac Low Low Zio Pro Fac Fac Upp Upp War Pro Fac Upp Upp Zhi Pro Res Res Tes Acc Com Total 24066 | 61 96 20 347 247 442 349 1592 267 5493 712 310 959 202 1813 809 273 383 1466 460 947 143 452 256 441 556 745 1697 1238 1290 Wait 1848 | . . . 3 . 7 15 39 . 356 43 . 16 . 158 93 17 31 404 4 95 . 25 . 16 15 104 218 45 144 Move 20756 | 46 83 20 282 231 333 273 1451 259 4713 661 308 929 202 1576 667 253 346 1052 455 809 143 416 232 417 515 601 1359 1102 1022 Hop 47 | . . . . . . . . . 17 . 2 . . 4 2 . . 1 1 2 . 1 . . 2 . 8 3 4 Pick Up 251 | 8 5 . 16 3 16 3 23 . 45 1 . 4 . 21 8 1 2 2 . 2 . . 7 1 3 15 22 19 24 Fast Attach . | . . . . . . . . . . . . . . . . . . . . . . . . . . . . . . Attach 185 | 6 1 . 7 . 8 16 11 2 29 . . 1 . 8 3 . 1 1 . 12 . 6 7 1 1 9 17 16 22 Detach 51 | . . . 1 . 1 7 2 2 11 . . . . 1 . . . . . 9 . 3 . . . 2 6 3 3 Swap 175 | . . . 5 6 8 . 8 2 84 3 . 5 . 13 3 1 1 . . 4 . . 3 1 3 3 18 . 4 Drop 143 | 1 1 . 4 1 10 7 17 . 29 1 . 4 . 10 6 . 2 6 . . . . 7 . 2 2 20 4 9 Fire 139 | . 6 . 29 6 59 16 . 1 . 3 . . . . . . . . . 6 . 1 . . . . 2 4 6 Melee 389 | . . . . . . 12 41 1 155 . . . . 22 9 1 . . . 8 . . . 5 15 9 27 42 42 Ram . | . . . . . . . . . . . . . . . . . . . . . . . . . . . . . . Kick . | . . . . . . . . . . . . . . . . . . . . . . . . . . . . . . Crush . | . . . . . . . . . . . . . . . . . . . . . . . . . . . . . . Escape Stasis 82 | . . . . . . . . . 54 . . . . . 18 . . . . . . . . . . . . . 10 Rewire . | . . . . . . . . . . . . . . . . . . . . . . . . . . . . . . Trap . | . . . . . . . . . . . . . . . . . . . . . . . . . . . . . . Miscellaneous . | . . . . . . . . . . . . . . . . . . . . . . . . . . . . . . Route ------- -11/Scrapyard -10/Materials -10/Mines -9/Materials -9/Mines -8/Materials -8/Storage -7/Factory (discovered 3 exits: *Fac / *Low x2) -7/Waste -7/Factory (discovered 5 exits: *Fac x3 / *Low x2) -7/Lower Caves -7/Lower Caves -7/Zion -6/Proximity Caves -6/Factory (discovered 3 exits: *Fac / *Low x2) -5/Factory (discovered 5 exits: *Fac / *Upp x2 / Ext x2) -5/Upper Caves -5/Upper Caves (discovered 2 exits: *Fac / *War) -5/Warlord -4/Proximity Caves -4/Factory (discovered 2 exits: *Upp x2) -4/Upper Caves -4/Upper Caves (discovered 2 exits: *Res / *Zhi) -4/Zhirov -3/Proximity Caves -3/Research -2/Research (discovered 2 exits: *Tes x2) -2/Testing -1/Access (discovered 2 exits: *Sur / *Com) -1/Command History --------- Turn | Location | Event 55 | -11/Scrapyard | Discovered new exit (range 15) 79 | -11/Scrapyard | Entered Materials 213 | -10/Materials | Discovered new exit (range 15) 237 | -10/Materials | Entered Mines 258 | -10/Mines | Discovered new exit (range 7) 269 | -10/Mines | Entered Materials 269 | -9/Materials | Evolved 2 slots: Propulsion x1, Utility x1 312 | -9/Materials | Build established: Mutant 825 | -9/Materials | Discovered new exit (range 9) 840 | -9/Materials | Entered Mines 842 | -9/Mines | Met a Derelict bent on vengeance 863 | -9/Mines | Discovered new exit (range 10) 910 | -9/Mines | Assembled infested the area 986 | -9/Mines | Met 8R-AWN 1087 | -9/Mines | Found a hidden stash of uninstalled traps 1239 | -9/Mines | Entered Materials 1239 | -8/Materials | Evolved 2 slots: Propulsion x1, Utility x1 1607 | -8/Materials | Identified exit to Storage 1992 | -8/Materials | Entered Storage 2062 | -8/Storage | Lost 3 parts (1p1n1w) 2146 | -8/Storage | Assisted by bots powering up and referring to "LRC-V3" 2201 | -8/Storage | Discovered new exit (range 16) 2266 | -8/Storage | Garrison activated, responded to threat 2347 | -8/Storage | Identified exit to Factory 2348 | -8/Storage | Entered Factory 2348 | -7/Factory | Evolved 2 slots: Propulsion x1, Utility x1 2457 | -7/Factory | Discovered new exit (range 10) 2470 | -7/Factory | Identified exit to Lower Caves 2524 | -7/Factory | Repaired Aerolev Unit 2733 | -7/Factory | Build established: Scavenger-Scout 2888 | -7/Factory | Discovered exit to Lower Caves (range 3) 3080 | -7/Factory | Discovered new exit (range 5) 3082 | -7/Factory | Identified exit to Factory 3241 | -7/Factory | Sucked down chute 3241 | -7/Factory | Entered Waste 3241 | -7/Waste | The area was eerily silent 3303 | -7/Waste | Discovered new exit (range 11) 3317 | -7/Waste | Identified exit to Factory 3317 | -7/Waste | Entered Factory 3412 | -7/Factory | Repaired Imp. Sensor Array 3535 | -7/Factory | Discovered exit to Factory (range 4) 3756 | -7/Factory | Discovered exit to Factory (range 3) 3934 | -7/Factory | Discovered exit to Factory (range 8) 3966 | -7/Factory | Fabricated System Shield? 3986 | -7/Factory | Found Prototype Launcher 3987 | -7/Factory | Identified Rocket Array 4087 | -7/Factory | Crushed by falling debris 4359 | -7/Factory | Discovered exit to Lower Caves (range 4) 4778 | -7/Factory | Lost 3 parts (2n1u) 4926 | -7/Factory | Crushed by falling debris 5001 | -7/Factory | Discovered exit to Lower Caves (range 7) 5017 | -7/Factory | Crushed by falling debris 5017 | -7/Factory | System corruption reached 10% 5061 | -7/Factory | Fabricated Cld. VTOL Module? 5078 | -7/Factory | Fabricated Adv. Signal Interpreter (x2) 5229 | -7/Factory | Fabricated Cld. VTOL Module? 5324 | -7/Factory | Crushed by falling debris 5684 | -7/Factory | Fabricated Cld. VTOL Module (x1) 5716 | -7/Factory | Entered Lower Caves 5733 | -7/Lower Caves | Learned Factory terminal intel 5848 | -7/Lower Caves | Build established: Hacker-Sprinter 5865 | -7/Lower Caves | Attracted the attention of an 0b10 outpost 5898 | -7/Lower Caves | Learned location of 1 exit from Factory 5928 | -7/Lower Caves | Encountered a Warlord checkpoint 5930 | -7/Lower Caves | Discovered new exit (range 9) 5932 | -7/Lower Caves | Identified exit to Lower Caves 5932 | -7/Lower Caves | Entered another Lower Caves area 5934 | -7/Lower Caves | Learned Factory emergency access door positions 5998 | -7/Lower Caves | Learned Factory emergency access door positions 6010 | -7/Lower Caves | Discovered new exit (range 14) 6013 | -7/Lower Caves | Identified exit to Zion 6014 | -7/Lower Caves | Entered Zion 6043 | -7/Zion | Discovered new exit (range 12) 6045 | -7/Zion | Identified exit to Proximity Caves 6053 | -7/Zion | System corruption cleaned by Quarantine Array 6110 | -7/Zion | Learned 4 Factory zone layouts 6180 | -7/Zion | Found Prototype Device 6181 | -7/Zion | Identified Phasing AFG 6287 | -7/Zion | Entered Proximity Caves 6336 | -6/Proximity Caves | Discovered exit to Factory (range 9) 6340 | -6/Proximity Caves | Entered Factory 6340 | -6/Factory | Evolved 2 slots: Utility x2 6341 | -6/Factory | Identified exit to Lower Caves 6344 | -6/Factory | Loaded intel: 26 terminal locations 6458 | -6/Factory | Found Prototype Processor 6459 | -6/Factory | Identified Exp. Targeting Computer 6521 | -6/Factory | Discovered exit to Lower Caves (range 12) 6594 | -6/Factory | Fabricated Cld. VTOL Module (x1) 6662 | -6/Factory | Repaired Rocket Array 6748 | -6/Factory | Lost 3 parts (1p1n1u) 7011 | -6/Factory | Discovered new exit (range 9) 7026 | -6/Factory | Identified exit to Factory 7215 | -6/Factory | Build established: Hacker-Mutant 7252 | -6/Factory | Entered another Factory area 7252 | -5/Factory | Evolved 2 slots: Propulsion x2 7323 | -5/Factory | Identified exit to Upper Caves 7323 | -5/Factory | Identified exit to Extension 7358 | -5/Factory | Discovered new exit (range 14) 7370 | -5/Factory | Identified exit to Factory 7427 | -5/Factory | Fabricated Mak. Hacking Suite (x1) 7526 | -5/Factory | Entered Upper Caves 7542 | -5/Upper Caves | Found Alien Artifact 7562 | -5/Upper Caves | Build established: Hacker-Scout 7597 | -5/Upper Caves | Discovered new exit (range 12) 7599 | -5/Upper Caves | Identified exit to Upper Caves 7599 | -5/Upper Caves | Entered another Upper Caves area 7599 | -5/Upper Caves | Discovered exit to Factory (range 9) 7704 | -5/Upper Caves | Discovered new exit (range 6) 7705 | -5/Upper Caves | Identified exit to Warlord 7705 | -5/Upper Caves | Entered Warlord 7714 | -5/Warlord | System corruption cleaned by Quarantine Array 7724 | -5/Warlord | Discovered new exit (range 14) 7726 | -5/Warlord | Identified exit to Proximity Caves 7767 | -5/Warlord | Learned 4 Access zone layouts 7767 | -5/Warlord | Learned Armory security intel 7767 | -5/Warlord | Learned Factory terminal intel 7767 | -5/Warlord | Learned Factory garrison access intel 7767 | -5/Warlord | Learned Armory scanalyzer intel 7837 | -5/Warlord | Met Warlord 7862 | -5/Warlord | Warlord's base attacked by MAIN.C 7878 | -5/Warlord | Found Prototype Piercing Weapon 7879 | -5/Warlord | Identified Vortex Lance 7927 | -5/Warlord | Spotted B-86 Titan 8157 | -5/Warlord | Lost 7 allies 8202 | -5/Warlord | P-80 Master assimilated allied 4J-BL7(Y) 8212 | -5/Warlord | Warlord forces counterattacked 8285 | -5/Warlord | Opened side exit 8308 | -5/Warlord | Lost 15 allies 8357 | -5/Warlord | Entered Proximity Caves 8443 | -4/Proximity Caves | Spotted B-86 Titan 8452 | -4/Proximity Caves | Learned 8 Research zone layouts 8463 | -4/Proximity Caves | Discovered exit to Factory (range 14) 8466 | -4/Proximity Caves | Entered Factory 8466 | -4/Factory | Evolved 2 slots: Power x1, Utility x1 8467 | -4/Factory | Identified exit to Upper Caves 8468 | -4/Factory | Loaded intel: 24 terminal locations 8469 | -4/Factory | Loaded intel: 3 garrison access locations 8505 | -4/Factory | Repaired Impact Mace 8671 | -4/Factory | Identified Dimensional Node Initializer 8737 | -4/Factory | Hacking Suite fried by hacking feedback 8777 | -4/Factory | Entered Upper Caves 8778 | -4/Upper Caves | Learned location of Testing (-2) 8793 | -4/Upper Caves | Lost 3 parts (1n2u) 8793 | -4/Upper Caves | Spotted B-86 Titan 8799 | -4/Upper Caves | Encountered a Warlord checkpoint 8801 | -4/Upper Caves | Discovered new exit (range 9) 8803 | -4/Upper Caves | Identified exit to Upper Caves 8806 | -4/Upper Caves | Entered another Upper Caves area 8809 | -4/Upper Caves | Discovered new exit (range 8) 8833 | -4/Upper Caves | Identified exit to Research 8899 | -4/Upper Caves | Attracted the attention of an 0b10 checkpoint 8909 | -4/Upper Caves | Attracted the attention of an 0b10 base 8916 | -4/Upper Caves | Learned Research terminal intel 9021 | -4/Upper Caves | Discovered new exit (range 15) 9029 | -4/Upper Caves | Identified exit to Zhirov 9029 | -4/Upper Caves | Entered Zhirov 9029 | -4/Zhirov | Discovered new exit (range 3) 9042 | -4/Zhirov | Met Zhirov 9054 | -4/Zhirov | Learned location of Quarantine (-3) 9054 | -4/Zhirov | Learned location of Command (-1) 9066 | -4/Zhirov | Zhirov requested help retrieving the SGEMP Prototype 9079 | -4/Zhirov | Found Alien Artifact 9080 | -4/Zhirov | Identified Transdimensional Reconstructor 9080 | -4/Zhirov | Warped through subspace 9110 | -4/Zhirov | Found Alien Artifact 9111 | -4/Zhirov | Identified Integrated Dissipator 9111 | -4/Zhirov | Installed Integrated Dissipator, increased core heat dissipation (+20) 9154 | -4/Zhirov | Build established: Hacker-Mutant 9198 | -4/Zhirov | Identified exit to Proximity Caves 9198 | -4/Zhirov | Entered Proximity Caves 9221 | -3/Proximity Caves | Spotted B-86 Titan 9281 | -3/Proximity Caves | Attracted the attention of an 0b10 checkpoint 9288 | -3/Proximity Caves | Discovered exit to Research (range 3) 9288 | -3/Proximity Caves | Entered Research 9288 | -3/Research | Evolved 2 slots: Propulsion x1, Utility x1 9289 | -3/Research | Identified exit to Research 9290 | -3/Research | Loaded intel: 23 terminal locations 9317 | -3/Research | Lost 3 parts (1p2n) 9419 | -3/Research | Fabricated Adv. Sensor Array? 9459 | -3/Research | Entered another Research area 9459 | -2/Research | Warlord forces began assault on 0b10 9459 | -2/Research | Evolved 2 slots: Utility x2 9484 | -2/Research | Met up with Warlord 9486 | -2/Research | Identified exit to Testing 9569 | -2/Research | Research machine network offline 9688 | -2/Research | Lost 11 allies 9702 | -2/Research | Found Prototype Launcher 9703 | -2/Research | Identified Adv. Micro-nuke Launcher 9727 | -2/Research | Entered Testing 9729 | -2/Testing | Protovariant out of control (PH-1MXYZDWXM8) 9729 | -2/Testing | Unleashed a protovariant (PH-1MXYZDWXM8) 9791 | -2/Testing | Lost 4 allies 9881 | -2/Testing | Fabricated Exp. Sensor Array (x1) 9939 | -2/Testing | Discovered new exit (range 9) 9939 | -2/Testing | Identified exit to Access 9943 | -2/Testing | Found Prototype Launcher 9963 | -2/Testing | Crushed by falling debris 9963 | -2/Testing | System corruption reached 10% 9967 | -2/Testing | Identified Z-bomb Delivery System 9994 | -2/Testing | Lost 4 parts (1n2u1w) 10014 | -2/Testing | Found Prototype Device 10015 | -2/Testing | Identified AEGIS Remote Shield 10070 | -2/Testing | Hacking Suite fried by hacking feedback 10082 | -2/Testing | Found Prototype Device 10086 | -2/Testing | Identified Exp. Shield Generator 10100 | -2/Testing | Found Prototype Slashing Weapon 10101 | -2/Testing | Identified Molecular Scythe 10180 | -2/Testing | Build established: Hacker-Scout 10205 | -2/Testing | Spotted Striker 10205 | -2/Testing | Spotted Striker 10206 | -2/Testing | Spotted Alpha 7 10207 | -2/Testing | Stole the SGEMP Prototype 10227 | -2/Testing | Search patrols dispatched 10234 | -2/Testing | Entered Access 10234 | -1/Access | Evolved 2 slots: Utility x2 10235 | -1/Access | Loaded intel: 110 machine locations 10235 | -1/Access | Loaded intel: 80 trap records 10235 | -1/Access | Identified exit to Surface 10235 | -1/Access | Discovered exit to Surface (range 75) 10235 | -1/Access | Identified exit to Command 10235 | -1/Access | Discovered exit to Command (range 87) 10235 | -1/Access | Delivered the SGEMP Prototype to Zhirov 10235 | -1/Access | Zhirov transferred Access data 10484 | -1/Access | Search patrols dispatched 10518 | -1/Access | Lost 12 parts (2p1n9u) 10536 | -1/Access | Destroyed 8 combat bots 10553 | -1/Access | Entered Command 10561 | -1/Command | Found Powered Armor 10624 | -1/Command | Found Prototype Launcher 10629 | -1/Command | Identified Enh. Gamma Bomb Array 10642 | -1/Command | Found Prototype Hackware 10647 | -1/Command | Identified Exp. System Shield 10680 | -1/Command | Spotted M Guard 10680 | -1/Command | Spotted M Guard 10680 | -1/Command | Spotted Combat Programmer 10695 | -1/Command | Spotted Combat Programmer 10767 | -1/Command | Lost 3 parts (1p2u) 10768 | -1/Command | Build established: Hacker-Sprinter 10882 | -1/Command | Spotted Executioner 10882 | -1/Command | Spotted Executioner 10882 | -1/Command | Spotted Striker 10882 | -1/Command | Spotted Alpha 7 10882 | -1/Command | Spotted Executioner 10882 | -1/Command | Spotted Executioner 10882 | -1/Command | Spotted Striker 10882 | -1/Command | Spotted Alpha 7 10884 | -1/Command | Spotted B-99 Colossus 10898 | -1/Command | Disengaged cave seal 10899 | -1/Command | Found Powered Armor 10911 | -1/Command | Welcomed Warlord to Command 10917 | -1/Command | Lost 4 parts (2n2u) 10967 | -1/Command | Lost 14 allies 10968 | -1/Command | Phase Generator disabled 10968 | -1/Command | Warlord destroyed during the assault 10994 | -1/Command | Spotted B-99 Colossus 10995 | -1/Command | Spotted B-99 Colossus 10996 | -1/Command | Core integrity fell below 50% 11010 | -1/Command | Core integrity fell below 20% 11012 | -1/Command | Destroyed by B-99 Colossus with Linear Accelerator Last Messages --------------- 11009_ Mic. Antimatter Reactor destroyed. 11009_ Exp. Q-thruster destroyed. 11009_ Adv. Heat Sink destroyed. 11009_ Critical hit (Blast). 11009_ Penetrated by Slug. 11009_ Slug penetrates Wall. 11009_ Knocked back. 11009_ Slug penetrates Wall. 11010_ Wall collapses. 11010_ B-99 Colossus activates siege mode. 11011_ Penetrated by Slug. 11012_ Triggered Stasis Trap. 11012_ A bubble of rippling energy engulfs the area. 11012_ Field strength at 94. 11012_ Field strength at 88. 11012_ Knocked back. 11012_ Penetrated by Slug. 11012_ Slug penetrates Wall. [Achievement: 20k Club] Map ----- +----------------------------------------------------+ | = #??????????????????????????????????????????? | | #??????????????????????????????????????????? | | [ #??????????????????????????????????????????? | | [ #??????????????????????????????????????????? | | = #??????????????????????????????????????????? | | +######??????????????????????????????????????????? | | %[#??????????????????????????????????????????????? | | [=#??????????????????????????????????????????????? | | = #??????????????????????????????????????????????? | | #??????????????????????????????????????????????? | | ###????????????????? ????????????????????????????? | | #######????????????# ??????????#????????????????? | | #????????????# ??????? #????????????????? | | #????????????# ??????? #????????????????? | | #????????????# ??????? #????????????????? | | #????????????# ?????? #????????????????? | | #????????????# ?????? #????????????????? | | #????????????# ?????? #????????????????? | | #????????????# """"""^ #????????????????? | | #????????????# ^ #????????????????? | | #????????????#BB BB#????????????????? | | #????????????#BB BB#????????????????? | | #?????????????#;; ^ ;;#?????????????????? | | #?????????????#; ^ #??????????????????? | | #######??????????????#;%^^^%^##??????????????????? | | #################????# ^ @ ^^ #??????????????????? | | ## !!! #????#;^^ ^;#??????????????????? | | ## !!! #????# %^^ ^ #??????????????????? | | ## * !! #????## ^##??????????????????? | | ## #????# %% ^ #??????????????????? | | ## * #???#;# ;#??????????????????? | | ## ????##; =^ ##??????????????????? | | ## ???????# #???????????????????? | | #? ?????????# % #??????????????????? | | ####+#+##+######## ;#################### | | + [ | | #### | | #??# [ | | +#+###??# | | ###### ! != | | ! == | | | | * | | | | ############### | | # #????????? | | # #????????? | | # #????????? | | # ! #????????? | | ############ ### ########## | +----------------------------------------------------+ Best States ------------- Heat Dissipation 110 Energy Generation 43 Energy Capacity 800 Matter Stores 300 Matter Capacity 300 Sight Range 22 Robot Scan Range 20 Terrain Scan Density 10 ECM Strength 1 Jamming Range 12 Additional Mass Support 9 Armor Coverage 400 Resistance: KI 25 Resistance: TH 30 Power Shielding 90 Propulsion Shielding 66 Utility Shielding 66 Point Defense Rating 240 Phase Shifting 15 Evasion (%) 83 Melee Accuracy 6 Target Analysis 8 Recoil Reduction 4 Offensive Hacking 43 Defensive Hacking 28 Item Schematics ----------------- Lyr. Light Armor Plating | -7/Factory | Scanalyzed Lrg. Storage Unit | -7/Factory | Scanalyzed Powered Hammer | -7/Factory | Hacked System Shield | -7/Factory | Hacked Adv. Signal Interpreter | -7/Factory | Hacked Cld. VTOL Module | -7/Factory | Scanalyzed Structural Scanner | -7/Factory | Scanalyzed Component Analysis Suite | -7/Zion | Archive Hvy. Flak Cannon | -7/Zion | Archive Hpw. Shock Rifle | -7/Zion | Archive Hvy. Battle Rifle | -7/Zion | Archive Adv. Melee Analysis Suite | -7/Zion | Archive Adv. Assault Cannon | -7/Zion | Archive KE Penetrator | -7/Zion | Archive Wave Gun | -7/Zion | Archive Energy Filter | -7/Zion | Archive EM Disruption Field | -7/Zion | Archive Gatling Laser | -7/Zion | Archive Nuclear Pulse Thruster | -7/Zion | Archive Arm. Huge Wheel | -7/Zion | Archive Tactical Coordination Suite | -7/Zion | Archive Adv. Terrain Scan Processor | -7/Zion | Archive Adv. Sensor Array | -6/Factory | Hacked Lgt. Angular Momentum Engine | -6/Factory | Scanalyzed Rocket Array | -6/Factory | Scanalyzed Mak. Hacking Suite | -6/Factory | Scanalyzed Imp. Surge Thruster | -6/Factory | Scanalyzed Field Propulsion Array | -4/Factory | Hacked Assault Drone Bay | -4/Zhirov | Free Exp. Heat Sink | -4/Zhirov | Free Exp. Optical Array | -4/Zhirov | Free Imp. Arc Thrower | -4/Zhirov | Free Impulse Thruster Array | -2/Research | Hacked Exp. Sensor Array | -2/Testing | Hacked Lgt. Regenerative Plating | -2/Testing | Hacked Robot Schematics ------------------ Y-45 Defender | -7/Zion | Archive A-02 Transporter | -7/Zion | Archive K-01 Serf | -7/Zion | Archive W-44 Eye | -2/Testing | Archive Fabricated ------------ System Shield | x1 | -7/Factory Cld. VTOL Module | x1 | -7/Factory Adv. Signal Interpreter | x2 | -7/Factory Cld. VTOL Module | x1 | -7/Factory Cld. VTOL Module | x1 | -7/Factory Cld. VTOL Module | x1 | -6/Factory Mak. Hacking Suite | x1 | -5/Factory Adv. Sensor Array | x1 | -3/Research Exp. Sensor Array | x1 | -2/Testing Alien Tech Used ----------------- Transdimensional Reconstructor Integrated Dissipator Achievements -------------- 20k Club A Powerful Ally? All-out Warlord Charge!!! Collateral Damage Hard Hitter Ooh, Shiny! Rampage Special Delivery Challenges ------------ None Game ------ Seed SniperRainbowInterpreter Manual? 0 Play Time 06:14:47 Cumulative 54.4 hours Start 2024.04.06 @ 22:39:30 End 2024.04.07 @ 21:40:51 Sessions 9 Manual Loads 0 Difficulty Rogue Special Mode None Game No. 69 Rogue 69 Adventurer 0 Explorer 0 Win Type - Total 1 Types 1/0/0/0/0/0/0/0/0 Lore% 32 Gallery% 34 Achievement% 35 Wizard Run 0 Options --------- Layout 1 ASCII 0 Keyboard 0 Movement Mouse Keybinds 0 Fullscreen 2 Font 32/Smallcaps Map View 50x40 Zoom Use 0% Tactical HUD 1 Map Filters NONE Filters NONE Steam 1 RUN: 2bbfea34-239d-4462-af22-7ee8924349ac